Flames vs Bruins
Created - February 8, 2024 at 19:08
Goals
|
| Flames |
0 |
1 |
0 |
1 |
| Bruins |
2 |
2 |
3 |
7 |
|
Shots
|
| Flames |
8 |
9 |
7 |
24 |
| Bruins |
10 |
13 |
10 |
33 |
|
1st period
1. Bruins , Zack Kassian 22 (Josh Manson 10) at 12:58
2. Bruins , Zack Kassian 23 (Jonathan Toews 33, Gabriel Landeskog 31) at 16:03
Penalties :
David Savard (Cal) for Elbowing (Minor) at 2:10, Radek Faksa (Bos) for Interference (Minor) at 17:14
2nd period
3. Bruins , Radek Faksa 4 (Adam Pelech 9, Taylor Beck 6) at 2:53
4. Bruins , Casey Cizikas 7 (Andreas Athanasiou 7, Eric Wellwood 7) at 16:53
5. Flames , Tanner Pearson 19 (Jimmy Hayes 31, Patrik Berglund 19) at 18:14
Penalties :
Zack Kassian (Bos) for Holding (Minor) at 0:34, Jimmy Hayes (Cal) for Holding (Minor) at 4:54, Gabriel Landeskog (Bos) for Roughing (Minor) at 9:07, Brad Marchand (Cal) for Holding (Minor) at 11:29
3rd period
6. Bruins , Wojtek Wolski 17 (Jason Demers 19, Craig Smith 9) at 1:44 (PP)
7. Bruins , Gabriel Landeskog 28 (Zack Kassian 31, Jonathan Toews 34) at 2:06
8. Bruins , Josh Manson 2 (Zack Kassian 32, Torey Krug 12) at 5:33
Penalties :
Anders Lee (Cal) for Interference (Minor) at 1:13, Zack Kassian (Bos) for Hooking (Minor) at 8:13, Eric Staal (Cal) for Tripping (Minor) at 13:27
Goalie Stats
Christopher Gibson (Cal), 19 saves from 24 shots - (0.792), L, 19-9-0, 41:44 minutes
Henrik Lundqvist (Cal), 7 saves from 9 shots - (0.778), 18:16 minutes
Kevin Poulin (Bos), 23 saves from 24 shots - (0.958), W, 23-16-4, 60:00 minutes
Players Stats for Flames
Player Name G A P +/- PIM S H SB GA TA FO MP PP MP PK MP
------------------------------------------------------------------------------------
Anders Lee 0 0 0 -1 2 1 0 0 0 1 1/2 10:04 0:06 2:17
Brad Marchand 0 0 0 -3 2 5 1 0 1 0 0/2 19:17 0:03 2:53
Bryan Rust 0 0 0 -3 0 2 1 0 1 0 1/1 18:05 0:03 2:48
Christian Folin 0 0 0 0 0 0 1 2 1 0 0/0 21:07 3:03 3:42
Colby Robak 0 0 0 0 0 0 0 2 0 0 0/0 13:21 0:00 3:42
Colin Wilson 0 0 0 0 0 0 4 0 1 0 3/3 8:13 0:00 0:00
David Savard 0 0 0 0 2 1 0 2 0 0 0/0 9:38 0:00 0:00
David Ullstrom 0 0 0 -1 0 0 0 0 0 0 0/0 9:14 0:00 2:20
Eric Staal 0 0 0 -3 2 4 1 0 1 0 19/33 21:21 4:09 0:56
Erik Johnson 0 0 0 -5 0 0 1 2 0 1 0/0 29:21 4:53 4:45
Esa Lindell 0 0 0 0 0 1 0 1 0 1 0/0 17:18 3:03 0:00
Jake DeBrusk 0 0 0 0 0 0 1 0 0 0 0/0 13:33 3:44 0:58
Jimmy Hayes 0 1 1 -1 2 5 0 0 2 0 1/1 15:48 4:06 0:00
Kevin Labanc 0 0 0 0 0 1 0 0 0 0 0/1 12:15 3:44 0:00
Kyle Palmieri 0 0 0 -1 0 1 1 0 0 0 1/1 6:54 0:00 0:00
Patrik Berglund 0 1 1 -1 0 0 3 0 0 0 12/21 21:01 3:44 4:42
Sami Vatanen 0 0 0 -5 0 2 2 3 2 3 0/0 29:21 4:53 4:45
Tanner Pearson 1 0 1 -1 0 1 1 1 0 0 0/2 15:37 4:09 0:00
Players Stats for Bruins
Player Name G A P +/- PIM S H SB GA TA FO MP PP MP PK MP
------------------------------------------------------------------------------------
Adam Pelech 0 1 1 1 0 3 0 0 0 0 0/0 9:46 0:00 0:20
Andreas Athanasiou 0 1 1 1 0 0 1 1 0 1 0/0 9:14 0:00 0:00
Casey Cizikas 1 0 1 1 0 2 2 0 1 0 3/5 11:14 0:00 1:54
Corey Tropp 0 0 0 1 0 0 0 0 0 0 0/0 7:33 0:00 0:00
Craig Smith 0 1 1 -1 0 2 0 1 0 1 0/0 15:31 3:52 0:00
Eric Wellwood 0 1 1 1 0 1 1 0 0 0 0/0 12:07 0:00 2:42
Gabriel Landeskog 1 1 2 4 2 7 3 1 0 0 3/6 22:50 4:35 3:12
Jason Demers 0 1 1 2 0 1 1 1 0 2 0/0 30:06 5:34 4:35
Jonathan Toews 0 2 2 4 0 2 6 0 0 0 14/30 20:51 4:35 1:21
Josh Manson 1 1 2 2 0 2 1 2 0 0 0/0 20:08 2:53 3:01
Kevin Hayes 0 0 0 -1 0 3 3 0 2 0 4/12 15:31 3:52 0:00
Madison Bowey 0 0 0 2 0 0 2 1 0 3 0/0 20:08 2:53 3:01
Noah Juulsen 0 0 0 1 0 0 0 2 0 0 0/0 9:46 0:00 0:20
Radek Faksa 1 0 1 1 2 2 0 0 0 1 3/7 10:18 0:00 2:35
Taylor Beck 0 1 1 1 0 1 1 0 2 0 0/0 8:10 0:00 0:32
Torey Krug 0 1 1 2 0 3 2 2 0 1 0/0 30:06 5:34 4:35
Wojtek Wolski 1 0 1 -1 0 1 1 0 1 0 0/2 16:53 3:52 1:21
Zack Kassian 2 2 4 4 4 3 3 1 0 0 2/5 21:48 4:35 2:15
3 Stars
1 - Zack Kassian (Bos)
2 - Jonathan Toews (Bos)
3 - Gabriel Landeskog (Bos)
Power Play
Flames - 0 on 4 Attempt(s) - 0.00%
Bruins - 1 on 5 Attempt(s) - 20.00%
Penalty Kill
Flames - 4 on 5 Attempt(s) - 80.00%
- Score 0 goal in Penalty Kill
Bruins - 4 on 4 Attempt(s) - 100.00%
- Score 0 goal in Penalty Kill
Team Stat
Flames - Hits : 17 - Faceoff Wins : 38 - Blocked Shots : 13 - Penalty Minutes : 10
Bruins - Hits : 27 - Faceoff Wins : 29 - Blocked Shots : 12 - Penalty Minutes : 8
Official
Referees : Brandon Schrader and Dan O'Rourke
Linesman : Pierre Racicot and Vaughan Rody
Game Notes
Henrik Lundqvist enters game at 1:44 of 3rd period
Finance
Level 1 -- Attendance: 6000 (100.00%) -- Ticket Income $600,000
Level 2 -- Attendance: 5000 (100.00%) -- Ticket Income $300,000
Level 3 -- Attendance: 2000 (100.00%) -- Ticket Income $70,000
Level 4 -- Attendance: 3979 (99.48%) -- Ticket Income $99,475
Luxury Box -- Attendance: 1000 (100.00%) -- Ticket Income $200,000
Game was played at the TD Garden.
Total Attendance: 17979 (99.88%)
Total Ticket Income: $1,269,475
Other Income: $190,421
Total Income: $1,459,896
Flames
5 vs 5 Forward
Center Left Wing Right Wing Time % Phy DF OF
1 Eric Staal Brad Marchand Bryan Rust 40 1 2 2
2 Patrik Berglund Tanner Pearson Jimmy Hayes 30 1 2 2
3 Colin Wilson Jake DeBrusk Kevin Labanc 20 1 2 2
4 Anders Lee David Ullstrom Kyle Palmieri 10 1 2 2
5 vs 5 Defense
Defense Defense Time % Phy DF OF
1 Erik Johnson Sami Vatanen 40 1 2 2
2 Esa Lindell Christian Folin 30 1 2 2
3 Colby Robak David Savard 20 1 2 2
4 Erik Johnson Sami Vatanen 10 1 2 2
PowerPlay Forward
Center Left Wing Right Wing Time % Phy DF OF
1 Eric Staal Tanner Pearson Jimmy Hayes 60 1 1 3
2 Patrik Berglund Jake DeBrusk Kevin Labanc 40 1 1 3
PowerPlay Defense
Defense Defense Time % Phy DF OF
1 Erik Johnson Sami Vatanen 60 1 1 3
2 Esa Lindell Christian Folin 40 1 1 3
Penalty Kill 4 Players Forward
Center Wing Time % Phy DF OF
1 Patrik Berglund Brad Marchand 60 1 2 2
2 Eric Staal Bryan Rust 40 1 2 2
Penalty Kill 4 Players Defense
Defense Defense Time % Phy DF OF
1 Erik Johnson Sami Vatanen 60 1 2 2
2 Colby Robak Christian Folin 40 1 2 2
Penalty Kill - 3 Players Forward
Forward Time % Phy DF OF
1 Eric Staal 60 1 2 2
2 Patrik Berglund 40 1 2 2
Penalty Kill - 3 Players Defense
Defense Defense Time % Phy DF OF
1 Erik Johnson Sami Vatanen 60 1 2 2
2 Colby Robak Christian Folin 40 1 2 2
4 vs 4 Forward
Center Wing Time % Phy DF OF
1 Eric Staal Bryan Rust 60 1 2 2
2 Patrik Berglund Brad Marchand 40 1 2 2
4 vs 4 Defense
Defense Defense Time % Phy DF OF
1 Erik Johnson Sami Vatanen 60 1 2 2
2 Esa Lindell Christian Folin 40 1 2 2
Last Minutes Offensive
Center Left Wing Right Wing Defense Defense
Eric Staal Brad Marchand Bryan Rust Erik Johnson Sami Vatanen
Last Minutes Defensive
Center Left Wing Right Wing Defense Defense
Eric Staal Brad Marchand Bryan Rust Erik Johnson Sami Vatanen
Goaltenders
Starting : Christopher Gibson
Backup : Henrik Lundqvist
Extra Forwards
Normal : Tanner Pearson, Jimmy Hayes, Patrik Berglund - PP : Jake DeBrusk, Anders Lee - PK : Bryan Rust
Extra Defensemen
Normal : Colby Robak, Esa Lindell, Christian Folin - PP : Esa Lindell - PK : Christian Folin, David Savard
Penalty Shots
Eric Staal, Tanner Pearson, Jimmy Hayes, Kyle Palmieri, Patrik Berglund
Custom OT Lines Forwards
Eric Staal, Tanner Pearson, Patrik Berglund, Jimmy Hayes, Bryan Rust, Brad Marchand, Colin Wilson, Jake DeBrusk, Kevin Labanc, Kyle Palmieri
Custom OT Lines Defensemen
Erik Johnson, Sami Vatanen, Christian Folin, Esa Lindell, Colby Robak
Scratches
Chris Brown (Healthy), Mathieu Brodeur (Healthy), Matthew Nieto (Healthy), Victor Rask (Healthy)
Bruins
5 vs 5 Forward
Center Left Wing Right Wing Time % Phy DF OF
1 Jonathan Toews Gabriel Landeskog Zack Kassian 40 1 2 2
2 Kevin Hayes Wojtek Wolski Craig Smith 30 1 2 2
3 Casey Cizikas Eric Wellwood Andreas Athanasiou 20 1 2 2
4 Radek Faksa Taylor Beck Corey Tropp 10 1 2 2
5 vs 5 Defense
Defense Defense Time % Phy DF OF
1 Jason Demers Torey Krug 40 1 2 2
2 Madison Bowey Josh Manson 30 1 2 2
3 Adam Pelech Noah Juulsen 20 1 2 2
4 Jason Demers Torey Krug 10 1 2 2
PowerPlay Forward
Center Left Wing Right Wing Time % Phy DF OF
1 Jonathan Toews Gabriel Landeskog Zack Kassian 60 1 2 2
2 Kevin Hayes Wojtek Wolski Craig Smith 40 1 2 2
PowerPlay Defense
Defense Defense Time % Phy DF OF
1 Jason Demers Torey Krug 60 1 2 2
2 Madison Bowey Josh Manson 40 1 2 2
Penalty Kill 4 Players Forward
Center Wing Time % Phy DF OF
1 Gabriel Landeskog Zack Kassian 60 1 2 2
2 Wojtek Wolski Jonathan Toews 40 1 2 2
Penalty Kill 4 Players Defense
Defense Defense Time % Phy DF OF
1 Jason Demers Torey Krug 60 1 2 2
2 Madison Bowey Josh Manson 40 1 2 2
Penalty Kill - 3 Players Forward
Forward Time % Phy DF OF
1 Gabriel Landeskog 60 1 2 2
2 Zack Kassian 40 1 2 2
Penalty Kill - 3 Players Defense
Defense Defense Time % Phy DF OF
1 Jason Demers Torey Krug 60 1 2 2
2 Madison Bowey Josh Manson 40 1 2 2
4 vs 4 Forward
Center Wing Time % Phy DF OF
1 Gabriel Landeskog Zack Kassian 60 1 2 2
2 Wojtek Wolski Jonathan Toews 40 1 2 2
4 vs 4 Defense
Defense Defense Time % Phy DF OF
1 Jason Demers Torey Krug 60 1 2 2
2 Madison Bowey Josh Manson 40 1 2 2
Last Minutes Offensive
Center Left Wing Right Wing Defense Defense
Jonathan Toews Gabriel Landeskog Zack Kassian Jason Demers Torey Krug
Last Minutes Defensive
Center Left Wing Right Wing Defense Defense
Jonathan Toews Gabriel Landeskog Zack Kassian Jason Demers Torey Krug
Goaltenders
Starting : Kevin Poulin
Backup : Tuukka Rask
Extra Forwards
Normal : Eric Wellwood, Casey Cizikas, Radek Faksa - PP : Eric Wellwood, Casey Cizikas - PK : Radek Faksa
Extra Defensemen
Normal : Adam Pelech, Noah Juulsen, Madison Bowey - PP : Adam Pelech - PK : Noah Juulsen, Madison Bowey
Penalty Shots
Gabriel Landeskog, Zack Kassian, Wojtek Wolski, Jonathan Toews, Kevin Hayes
Custom OT Lines Forwards
Gabriel Landeskog, Zack Kassian, Wojtek Wolski, Jonathan Toews, Kevin Hayes, Eric Wellwood, Craig Smith, Casey Cizikas, Radek Faksa, Taylor Beck
Custom OT Lines Defensemen
Jason Demers, Torey Krug, Madison Bowey, Josh Manson, Adam Pelech
Scratches
Brendan Smith (Groin Injury), Mark Stone (Right Ankle Injury)
% Time on Ice - Flames
Lines # - Real PCT - Wanted PCT - Time Play
Normal Forward
1 - 38% - 40% - 16:22
2 - 28% - 30% - 12:08
3 - 19% - 20% - 8:13
4 - 16% - 10% - 6:54
Normal Defense
1 - 43% - 40% - 18:39
2 - 33% - 30% - 14:22
3 - 22% - 20% - 9:32
4 - 2% - 10% - 1:04
PP Forward
1 - 53% - 60% - 4:12
2 - 47% - 40% - 3:44
PP Defense
1 - 62% - 60% - 4:53
2 - 38% - 40% - 3:03
PK Forward
1 - 78% - 60% - 6:37
2 - 22% - 40% - 1:50
PK Defense
1 - 56% - 60% - 4:45
2 - 44% - 40% - 3:42
PK3 Forward
1 - 0% - 60%
2 - 0% - 40%
PK3 Defense
1 - 0% - 60%
2 - 0% - 40%
44 Forward
1 - 0% - 60%
2 - 0% - 40%
44 Defense
1 - 0% - 60%
2 - 0% - 40%
Last Minute Offensive - 0:00
Last Minute Defensive - 0:00
Total
Forward - 60:00
Defense - 60:00
|
% Time on Ice - Bruins
Lines # - Real PCT - Wanted PCT - Time Play
Normal Forward
1 - 35% - 40% - 15:10
2 - 27% - 30% - 11:40
3 - 21% - 20% - 9:14
4 - 17% - 10% - 7:33
Normal Defense
1 - 42% - 40% - 18:25
2 - 35% - 30% - 15:10
3 - 19% - 20% - 8:30
4 - 4% - 10% - 1:32
PP Forward
1 - 54% - 60% - 4:35
2 - 46% - 40% - 3:52
PP Defense
1 - 66% - 60% - 5:34
2 - 34% - 40% - 2:53
PK Forward
1 - 83% - 60% - 6:35
2 - 17% - 40% - 1:21
PK Defense
1 - 58% - 60% - 4:35
2 - 42% - 40% - 3:21
PK3 Forward
1 - 0% - 60%
2 - 0% - 40%
PK3 Defense
1 - 0% - 60%
2 - 0% - 40%
44 Forward
1 - 0% - 60%
2 - 0% - 40%
44 Defense
1 - 0% - 60%
2 - 0% - 40%
Last Minute Offensive - 0:00
Last Minute Defensive - 0:00
Total
Forward - 60:00
Defense - 60:00
|
Play-by-Play
1st period
0:01 of 1st period - Jonathan Toews wins face-off versus Eric Staal in neutral zone.
0:08 of 1st period - Snap shot by Zack Kassian.
0:08 of 1st period - Shot Misses the Net.
0:52 of 1st period - Slapshot by Sami Vatanen.
0:52 of 1st period - Shot Blocked by Madison Bowey.
0:54 of 1st period - Wrist shot by Erik Johnson.
0:54 of 1st period - Deflect By Patrik Berglund.
0:54 of 1st period - Shot Misses the Net.
0:54 of 1st period - Puck is out of play.
0:55 of 1st period - Patrik Berglund wins face-off versus Kevin Hayes in Bruins zone.
1:22 of 1st period - Kevin Labanc is hit by Madison Bowey.
1:32 of 1st period - Backhand shot by Jake DeBrusk.
1:32 of 1st period - Shot Blocked by Gabriel Landeskog.
1:38 of 1st period - Colin Wilson is hit by Gabriel Landeskog and loses puck.
1:55 of 1st period - Slapshot by Esa Lindell.
1:55 of 1st period - Shot Misses the Net.
1:57 of 1st period - Snap shot by Kyle Palmieri.
1:57 of 1st period - Stopped by Kevin Poulin without a rebound.
1:58 of 1st period - Casey Cizikas wins face-off versus Patrik Berglund in Bruins zone.
1:58 of 1st period - Casey Cizikas is hit by Patrik Berglund.
2:08 of 1st period - Snap shot by Casey Cizikas.
2:08 of 1st period - Deflect By Jimmy Hayes.
2:08 of 1st period - Stopped by Christopher Gibson with a rebound.
2:10 of 1st period - Minor Penalty to David Savard for Elbowing.
2:11 of 1st period - Patrik Berglund wins face-off versus Jonathan Toews in Flames zone.
2:11 of 1st period - Patrik Berglund is hit by Jonathan Toews.
4:10 of 1st period - Penalty to David Savard is over, David Savard is back on ice.
4:27 of 1st period - Slapshot by Kevin Labanc.
4:27 of 1st period - Stopped by Kevin Poulin with a rebound.
4:29 of 1st period - Wrist shot by Jake DeBrusk.
4:29 of 1st period - Shot Misses the Net.
4:31 of 1st period - Slapshot by David Savard.
4:31 of 1st period - Stopped by Kevin Poulin with a rebound.
4:33 of 1st period - Backhand shot by Esa Lindell.
4:33 of 1st period - Stopped by Kevin Poulin with a rebound.
5:03 of 1st period - Wojtek Wolski is hit by Sami Vatanen and loses puck.
5:16 of 1st period - Bryan Rust is hit by Casey Cizikas and loses puck.
6:31 of 1st period - Icing by Eric Staal.
6:32 of 1st period - Colin Wilson wins face-off versus Kevin Hayes in Flames zone.
6:37 of 1st period - Wrist shot by Craig Smith.
6:37 of 1st period - Shot Misses the Net.
7:23 of 1st period - Eric Staal is hit by Torey Krug and loses puck.
7:30 of 1st period - Eric Staal is hit by Casey Cizikas and loses puck.
7:43 of 1st period - Colby Robak is hit by Torey Krug and loses puck.
8:04 of 1st period - Slapshot by Kevin Hayes.
8:04 of 1st period - Shot Misses the Net.
8:33 of 1st period - Wrist shot by Jimmy Hayes.
8:33 of 1st period - Shot Misses the Net.
8:47 of 1st period - Snap shot by Taylor Beck.
8:47 of 1st period - Shot Misses the Net.
8:49 of 1st period - Wrist shot by Craig Smith.
8:49 of 1st period - Shot Misses the Net.
8:51 of 1st period - Slapshot by Noah Juulsen.
8:51 of 1st period - Shot Blocked by David Savard.
9:03 of 1st period - Eric Wellwood is hit by Colin Wilson and loses puck.
10:07 of 1st period - Slapshot by Kevin Hayes.
10:07 of 1st period - Shot Misses the Net.
12:24 of 1st period - Wrist shot by Jimmy Hayes.
12:24 of 1st period - Stopped by Kevin Poulin without a rebound.
12:25 of 1st period - Eric Staal wins face-off versus Jonathan Toews in Bruins zone.
12:34 of 1st period - Snap shot by Eric Staal.
12:34 of 1st period - Deflect By Bryan Rust.
12:34 of 1st period - Stopped by Kevin Poulin with a rebound.
12:36 of 1st period - Wrist shot by Brad Marchand.
12:36 of 1st period - Stopped by Kevin Poulin without a rebound.
12:37 of 1st period - Jonathan Toews wins face-off versus Eric Staal in Bruins zone.
12:42 of 1st period - Snap shot by Gabriel Landeskog.
12:42 of 1st period - Deflect By Zack Kassian.
12:42 of 1st period - Shot Misses the Net.
12:42 of 1st period - Puck is out of play.
12:43 of 1st period - Jonathan Toews wins face-off versus Eric Staal in Flames zone.
12:46 of 1st period - Slapshot by Jonathan Toews.
12:46 of 1st period - Stopped by Christopher Gibson without a rebound.
12:47 of 1st period - Eric Staal wins face-off versus Jonathan Toews in Flames zone.
12:52 of 1st period - Snap shot by Sami Vatanen.
12:52 of 1st period - Shot Misses the Net.
12:58 of 1st period - Snap shot by Zack Kassian.
12:58 of 1st period - Goal by Zack Kassian - Flames : 0 - Bruins : 1.
12:59 of 1st period - Jonathan Toews wins face-off versus Brad Marchand in neutral zone.
13:04 of 1st period - Brad Marchand is hit by Gabriel Landeskog and loses puck.
13:34 of 1st period - Eric Staal is hit by Eric Wellwood and loses puck.
13:56 of 1st period - Esa Lindell is hit by Kevin Hayes.
14:36 of 1st period - Wrist shot by Taylor Beck.
14:36 of 1st period - Shot Blocked by David Savard.
15:13 of 1st period - Casey Cizikas is hit by Colin Wilson and loses puck.
15:40 of 1st period - Snap shot by Radek Faksa.
15:40 of 1st period - Stopped by Christopher Gibson without a rebound.
15:41 of 1st period - Zack Kassian wins face-off versus Patrik Berglund in Flames zone.
15:42 of 1st period - Slapshot by Gabriel Landeskog.
15:42 of 1st period - Stopped by Christopher Gibson with a rebound.
15:44 of 1st period - Backhand shot by Gabriel Landeskog.
15:44 of 1st period - Stopped by Christopher Gibson with a rebound.
15:46 of 1st period - Slapshot by Torey Krug.
15:46 of 1st period - Stopped by Christopher Gibson without a rebound.
15:47 of 1st period - Jonathan Toews wins face-off versus Patrik Berglund in Flames zone.
15:50 of 1st period - Wrist shot by Gabriel Landeskog.
15:50 of 1st period - Deflect By Sami Vatanen.
15:50 of 1st period - Shot Blocked by Erik Johnson.
15:50 of 1st period - Puck is out of play.
15:51 of 1st period - Patrik Berglund wins face-off versus Jonathan Toews in Flames zone.
16:03 of 1st period - Snap shot by Jonathan Toews.
16:03 of 1st period - Deflect By Zack Kassian.
16:03 of 1st period - Goal by Zack Kassian - Flames : 0 - Bruins : 2.
16:04 of 1st period - Eric Staal wins face-off versus Jonathan Toews in neutral zone.
17:14 of 1st period - Minor Penalty to Radek Faksa for Interference.
17:15 of 1st period - Gabriel Landeskog wins face-off versus Eric Staal in Bruins zone.
18:01 of 1st period - Jimmy Hayes is hit by Zack Kassian and loses puck.
18:24 of 1st period - Slapshot by Madison Bowey.
18:24 of 1st period - Shot Blocked by Christian Folin.
19:12 of 1st period - Torey Krug is hit by Jake DeBrusk and loses puck.
19:14 of 1st period - Penalty to Radek Faksa is over, Radek Faksa is back on ice.
19:31 of 1st period - Slapshot by Craig Smith.
19:31 of 1st period - Shot Misses the Net.
19:33 of 1st period - Slapshot by Kevin Hayes.
19:33 of 1st period - Stopped by Christopher Gibson without a rebound.
19:34 of 1st period - Casey Cizikas wins face-off versus Eric Staal in Flames zone.
19:43 of 1st period - Snap shot by Eric Staal.
19:43 of 1st period - Shot Misses the Net.
19:45 of 1st period - Slapshot by Brad Marchand.
19:45 of 1st period - Stopped by Kevin Poulin without a rebound.
19:46 of 1st period - Jonathan Toews wins face-off versus Patrik Berglund in Bruins zone.
19:59 of 1st period - Wrist shot by Gabriel Landeskog.
19:59 of 1st period - Stopped by Christopher Gibson with a rebound.
Goals for this period are 0 for Flames vs 2 for Bruins.
Shots for this period are 8 for Flames vs 10 for Bruins.
2nd period
0:01 of 2nd period - Eric Staal wins face-off versus Jonathan Toews in neutral zone.
0:03 of 2nd period - Off-side.
0:04 of 2nd period - Jonathan Toews wins face-off versus Eric Staal in neutral zone.
0:13 of 2nd period - Slapshot by Eric Staal.
0:13 of 2nd period - Deflect By Brad Marchand.
0:13 of 2nd period - Shot Misses the Net.
0:13 of 2nd period - Puck is out of play.
0:14 of 2nd period - Gabriel Landeskog wins face-off versus Eric Staal in Bruins zone.
0:34 of 2nd period - Minor Penalty to Zack Kassian for Holding.
0:35 of 2nd period - Eric Staal wins face-off versus Gabriel Landeskog in Bruins zone.
0:43 of 2nd period - Slapshot by Jimmy Hayes.
0:43 of 2nd period - Shot Blocked by Jason Demers.
0:45 of 2nd period - Slapshot by Sami Vatanen.
0:45 of 2nd period - Shot Blocked by Torey Krug.
0:49 of 2nd period - Wrist shot by Eric Staal.
0:49 of 2nd period - Stopped by Kevin Poulin with a rebound.
0:51 of 2nd period - Slapshot by Sami Vatanen.
0:51 of 2nd period - Shot Misses the Net.
1:01 of 2nd period - Jake DeBrusk is hit by Jason Demers.
2:34 of 2nd period - Penalty to Zack Kassian is over, Zack Kassian is back on ice.
2:47 of 2nd period - Wrist shot by Taylor Beck.
2:47 of 2nd period - Deflect By Sami Vatanen.
2:47 of 2nd period - Stopped by Christopher Gibson with a rebound.
2:49 of 2nd period - Slapshot by Adam Pelech.
2:49 of 2nd period - Shot Misses the Net.
2:51 of 2nd period - Backhand shot by Taylor Beck.
2:51 of 2nd period - Shot Blocked by Erik Johnson.
2:53 of 2nd period - Slapshot by Adam Pelech.
2:53 of 2nd period - Deflect By Radek Faksa.
2:53 of 2nd period - Goal by Radek Faksa - Flames : 0 - Bruins : 3.
2:54 of 2nd period - Eric Staal wins face-off versus Kevin Hayes in neutral zone.
3:32 of 2nd period - Wrist shot by Eric Staal.
3:32 of 2nd period - Shot Misses the Net.
4:33 of 2nd period - Snap shot by Eric Staal.
4:33 of 2nd period - Shot Misses the Net.
4:43 of 2nd period - Wrist shot by Zack Kassian.
4:43 of 2nd period - Stopped by Christopher Gibson with a rebound.
4:45 of 2nd period - Snap shot by Adam Pelech.
4:45 of 2nd period - Stopped by Christopher Gibson without a rebound.
4:46 of 2nd period - Patrik Berglund wins face-off versus Wojtek Wolski in Flames zone.
4:54 of 2nd period - Minor Penalty to Jimmy Hayes for Holding.
4:55 of 2nd period - Patrik Berglund wins face-off versus Jonathan Toews in Flames zone.
5:42 of 2nd period - Icing by Kevin Hayes.
5:43 of 2nd period - Kevin Hayes wins face-off versus Anders Lee in Bruins zone.
6:54 of 2nd period - Penalty to Jimmy Hayes is over, Jimmy Hayes is back on ice.
6:59 of 2nd period - Jimmy Hayes is hit by Andreas Athanasiou and loses puck.
7:08 of 2nd period - Wrist shot by Eric Staal.
7:08 of 2nd period - Stopped by Kevin Poulin without a rebound.
7:09 of 2nd period - Colin Wilson wins face-off versus Casey Cizikas in Bruins zone.
7:36 of 2nd period - Tanner Pearson is hit by Taylor Beck and loses puck.
8:13 of 2nd period - Wrist shot by Craig Smith.
8:13 of 2nd period - Stopped by Christopher Gibson with a rebound.
8:31 of 2nd period - Snap shot by Eric Staal.
8:31 of 2nd period - Shot Blocked by Zack Kassian.
8:33 of 2nd period - Snap shot by Bryan Rust.
8:33 of 2nd period - Shot Blocked by Josh Manson.
8:35 of 2nd period - Snap shot by Bryan Rust.
8:35 of 2nd period - Deflect By Eric Staal.
8:35 of 2nd period - Shot Misses the Net.
8:35 of 2nd period - Puck is out of play.
8:36 of 2nd period - Eric Staal wins face-off versus Kevin Hayes in Bruins zone.
8:47 of 2nd period - Snap shot by Eric Staal.
8:47 of 2nd period - Stopped by Kevin Poulin without a rebound.
8:48 of 2nd period - Eric Staal wins face-off versus Jonathan Toews in Bruins zone.
9:01 of 2nd period - Wrist shot by Brad Marchand.
9:01 of 2nd period - Stopped by Kevin Poulin without a rebound.
9:02 of 2nd period - Eric Staal wins face-off versus Jonathan Toews in Bruins zone.
9:05 of 2nd period - Slapshot by Bryan Rust.
9:05 of 2nd period - Shot Misses the Net.
9:07 of 2nd period - Minor Penalty to Gabriel Landeskog for Roughing.
9:08 of 2nd period - Radek Faksa wins face-off versus Eric Staal in Bruins zone.
9:19 of 2nd period - Snap shot by Tanner Pearson.
9:19 of 2nd period - Deflect By Eric Staal.
9:19 of 2nd period - Shot Hit the Post.
9:19 of 2nd period - Puck is out of play.
9:20 of 2nd period - Eric Staal wins face-off versus Radek Faksa in Bruins zone.
9:21 of 2nd period - Wrist shot by Jimmy Hayes.
9:21 of 2nd period - Stopped by Kevin Poulin without a rebound.
9:22 of 2nd period - Radek Faksa wins face-off versus Tanner Pearson in Bruins zone.
9:33 of 2nd period - Radek Faksa is hit by Eric Staal and loses puck.
10:57 of 2nd period - Icing by Kevin Labanc.
10:58 of 2nd period - Radek Faksa wins face-off versus Patrik Berglund in Flames zone.
11:07 of 2nd period - Penalty to Gabriel Landeskog is over, Gabriel Landeskog is back on ice.
11:24 of 2nd period - Wrist shot by Kevin Hayes.
11:24 of 2nd period - Stopped by Christopher Gibson without a rebound.
11:25 of 2nd period - Jonathan Toews wins face-off versus Eric Staal in Flames zone.
11:29 of 2nd period - Minor Penalty to Brad Marchand for Holding.
11:30 of 2nd period - Patrik Berglund wins face-off versus Gabriel Landeskog in Flames zone.
13:29 of 2nd period - Penalty to Brad Marchand is over, Brad Marchand is back on ice.
13:46 of 2nd period - Wrist shot by Casey Cizikas.
13:46 of 2nd period - Shot Misses the Net.
13:48 of 2nd period - Slapshot by Eric Wellwood.
13:48 of 2nd period - Deflect By Christian Folin.
13:48 of 2nd period - Shot Blocked by Colby Robak.
13:48 of 2nd period - Puck is out of play.
13:49 of 2nd period - Eric Staal wins face-off versus Radek Faksa in Flames zone.
14:23 of 2nd period - Wrist shot by Jimmy Hayes.
14:23 of 2nd period - Stopped by Kevin Poulin with a rebound.
14:33 of 2nd period - Christian Folin is hit by Jonathan Toews.
14:59 of 2nd period - Christian Folin is hit by Kevin Hayes.
15:42 of 2nd period - Snap shot by Gabriel Landeskog.
15:42 of 2nd period - Stopped by Christopher Gibson without a rebound.
15:43 of 2nd period - Patrik Berglund wins face-off versus Jonathan Toews in Flames zone.
15:54 of 2nd period - Wrist shot by Patrik Berglund.
15:54 of 2nd period - Shot Misses the Net.
16:35 of 2nd period - Brad Marchand is hit by Wojtek Wolski.
16:45 of 2nd period - Wrist shot by Kevin Hayes.
16:45 of 2nd period - Shot Misses the Net.
16:47 of 2nd period - Wrist shot by Adam Pelech.
16:47 of 2nd period - Stopped by Christopher Gibson without a rebound.
16:48 of 2nd period - Casey Cizikas wins face-off versus Patrik Berglund in Flames zone.
16:49 of 2nd period - Snap shot by Eric Wellwood.
16:49 of 2nd period - Stopped by Christopher Gibson with a rebound.
16:51 of 2nd period - Slapshot by Andreas Athanasiou.
16:51 of 2nd period - Shot Misses the Net.
16:53 of 2nd period - Snap shot by Casey Cizikas.
16:53 of 2nd period - Goal by Casey Cizikas - Flames : 0 - Bruins : 4.
16:54 of 2nd period - Jonathan Toews wins face-off versus Eric Staal in neutral zone.
17:09 of 2nd period - Snap shot by Bryan Rust.
17:09 of 2nd period - Stopped by Kevin Poulin with a rebound.
17:11 of 2nd period - Slapshot by Sami Vatanen.
17:11 of 2nd period - Deflect By Eric Staal.
17:11 of 2nd period - Stopped by Kevin Poulin without a rebound.
17:12 of 2nd period - Kevin Hayes wins face-off versus Patrik Berglund in Bruins zone.
17:12 of 2nd period - Kevin Hayes is hit by Patrik Berglund.
17:18 of 2nd period - Snap shot by Jason Demers.
17:18 of 2nd period - Stopped by Christopher Gibson without a rebound.
17:19 of 2nd period - Patrik Berglund wins face-off versus Kevin Hayes in Flames zone.
17:45 of 2nd period - Slapshot by Gabriel Landeskog.
17:45 of 2nd period - Stopped by Christopher Gibson without a rebound.
17:46 of 2nd period - Eric Staal wins face-off versus Gabriel Landeskog in Flames zone.
17:46 of 2nd period - Eric Staal is hit by Jonathan Toews.
17:56 of 2nd period - Slapshot by Madison Bowey.
17:56 of 2nd period - Shot Misses the Net.
17:58 of 2nd period - Slapshot by Josh Manson.
17:58 of 2nd period - Shot Misses the Net.
18:00 of 2nd period - Wrist shot by Jonathan Toews.
18:00 of 2nd period - Stopped by Christopher Gibson without a rebound.
18:01 of 2nd period - Patrik Berglund wins face-off versus Kevin Hayes in Flames zone.
18:12 of 2nd period - Snap shot by Tanner Pearson.
18:12 of 2nd period - Shot Blocked by Craig Smith.
18:14 of 2nd period - Snap shot by Tanner Pearson.
18:14 of 2nd period - Goal by Tanner Pearson - Flames : 1 - Bruins : 4.
18:15 of 2nd period - Eric Staal wins face-off versus Zack Kassian in neutral zone.
18:34 of 2nd period - Brad Marchand is hit by Jonathan Toews and loses puck.
19:10 of 2nd period - Josh Manson is hit by Patrik Berglund and loses puck.
19:33 of 2nd period - Wrist shot by Josh Manson.
19:33 of 2nd period - Shot Misses the Net.
19:35 of 2nd period - Wrist shot by Madison Bowey.
19:35 of 2nd period - Deflect By Radek Faksa.
19:35 of 2nd period - Shot Misses the Net.
19:35 of 2nd period - Puck is out of play.
19:36 of 2nd period - Colin Wilson wins face-off versus Radek Faksa in Flames zone.
19:48 of 2nd period - Wrist shot by Kevin Labanc.
19:48 of 2nd period - Shot Blocked by Noah Juulsen.
Goals for this period are 1 for Flames vs 2 for Bruins.
Shots for this period are 9 for Flames vs 13 for Bruins.
3rd period
0:01 of 3rd period - Eric Staal wins face-off versus Jonathan Toews in neutral zone.
0:56 of 3rd period - Slapshot by Colin Wilson.
0:56 of 3rd period - Shot Blocked by Andreas Athanasiou.
0:58 of 3rd period - Slapshot by Erik Johnson.
0:58 of 3rd period - Shot Blocked by Josh Manson.
1:00 of 3rd period - Slapshot by Sami Vatanen.
1:00 of 3rd period - Shot Misses the Net.
1:13 of 3rd period - Minor Penalty to Anders Lee for Interference.
1:14 of 3rd period - Jonathan Toews wins face-off versus Patrik Berglund in Flames zone.
1:42 of 3rd period - Slapshot by Wojtek Wolski.
1:42 of 3rd period - Shot Blocked by Christian Folin.
1:44 of 3rd period - Slapshot by Jason Demers.
1:44 of 3rd period - Deflect By Wojtek Wolski.
1:44 of 3rd period - Goal by Wojtek Wolski - Flames : 1 - Bruins : 5.
1:44 of 3rd period - Henrik Lundqvist enters game.
1:45 of 3rd period - Eric Staal wins face-off versus Zack Kassian in neutral zone.
1:54 of 3rd period - Off-side.
1:55 of 3rd period - Zack Kassian wins face-off versus Brad Marchand in neutral zone.
2:06 of 3rd period - Snap shot by Gabriel Landeskog.
2:06 of 3rd period - Goal by Gabriel Landeskog - Flames : 1 - Bruins : 6.
2:07 of 3rd period - Jonathan Toews wins face-off versus Eric Staal in neutral zone.
2:10 of 3rd period - Slapshot by Torey Krug.
2:10 of 3rd period - Shot Blocked by Sami Vatanen.
2:16 of 3rd period - Slapshot by Sami Vatanen.
2:16 of 3rd period - Deflect By Jason Demers.
2:16 of 3rd period - Stopped by Kevin Poulin without a rebound.
2:17 of 3rd period - Jonathan Toews wins face-off versus Eric Staal in Bruins zone.
2:22 of 3rd period - Torey Krug is hit by Brad Marchand and loses puck.
3:09 of 3rd period - Slapshot by Sami Vatanen.
3:09 of 3rd period - Stopped by Kevin Poulin without a rebound.
3:10 of 3rd period - Patrik Berglund wins face-off versus Kevin Hayes in Bruins zone.
3:37 of 3rd period - Andreas Athanasiou is hit by Colin Wilson and loses puck.
3:48 of 3rd period - Casey Cizikas is hit by Colin Wilson and loses puck.
4:01 of 3rd period - Slapshot by Adam Pelech.
4:01 of 3rd period - Stopped by Henrik Lundqvist without a rebound.
4:02 of 3rd period - Anders Lee wins face-off versus Radek Faksa in Flames zone.
4:15 of 3rd period - Corey Tropp is hit by Kyle Palmieri and loses puck.
4:39 of 3rd period - Slapshot by David Savard.
4:39 of 3rd period - Shot Misses the Net.
4:51 of 3rd period - Slapshot by Craig Smith.
4:51 of 3rd period - Stopped by Henrik Lundqvist with a rebound.
4:59 of 3rd period - Wrist shot by Eric Staal.
4:59 of 3rd period - Deflect By Bryan Rust.
4:59 of 3rd period - Shot Blocked by Noah Juulsen.
4:59 of 3rd period - Puck is out of play.
5:00 of 3rd period - Patrik Berglund wins face-off versus Wojtek Wolski in Bruins zone.
5:01 of 3rd period - Backhand shot by Jimmy Hayes.
5:01 of 3rd period - Stopped by Kevin Poulin with a rebound.
5:26 of 3rd period - Torey Krug is hit by Bryan Rust and loses puck.
5:33 of 3rd period - Slapshot by Josh Manson.
5:33 of 3rd period - Goal by Josh Manson - Flames : 1 - Bruins : 7.
5:34 of 3rd period - Bryan Rust wins face-off versus Zack Kassian in neutral zone.
7:29 of 3rd period - Wrist shot by Corey Tropp.
7:29 of 3rd period - Shot Blocked by Tanner Pearson.
7:41 of 3rd period - Jason Demers is hit by Tanner Pearson and loses puck.
7:48 of 3rd period - Slapshot by Torey Krug.
7:48 of 3rd period - Stopped by Henrik Lundqvist with a rebound.
7:50 of 3rd period - Slapshot by Torey Krug.
7:50 of 3rd period - Shot Misses the Net.
7:52 of 3rd period - Slapshot by Torey Krug.
7:52 of 3rd period - Stopped by Henrik Lundqvist without a rebound.
7:53 of 3rd period - Eric Staal wins face-off versus Jonathan Toews in Flames zone.
7:53 of 3rd period - Eric Staal is hit by Jonathan Toews.
8:05 of 3rd period - Slapshot by Brad Marchand.
8:05 of 3rd period - Stopped by Kevin Poulin without a rebound.
8:06 of 3rd period - Eric Staal wins face-off versus Jonathan Toews in Bruins zone.
8:11 of 3rd period - Snap shot by Eric Staal.
8:11 of 3rd period - Shot Misses the Net.
8:13 of 3rd period - Minor Penalty to Zack Kassian for Hooking.
8:14 of 3rd period - Gabriel Landeskog wins face-off versus Eric Staal in Bruins zone.
8:25 of 3rd period - Eric Staal is hit by Madison Bowey and loses puck.
9:06 of 3rd period - Snap shot by Jonathan Toews.
9:06 of 3rd period - Shot Misses the Net.
10:13 of 3rd period - Penalty to Zack Kassian is over, Zack Kassian is back on ice.
10:59 of 3rd period - Snap shot by Taylor Beck.
10:59 of 3rd period - Shot Misses the Net.
11:19 of 3rd period - Wrist shot by Andreas Athanasiou.
11:19 of 3rd period - Shot Blocked by Colby Robak.
12:15 of 3rd period - Christian Folin is hit by Zack Kassian and loses puck.
12:32 of 3rd period - Icing by Anders Lee.
12:33 of 3rd period - Kyle Palmieri wins face-off versus Kevin Hayes in Flames zone.
12:38 of 3rd period - Slapshot by Esa Lindell.
12:38 of 3rd period - Deflect By Jimmy Hayes.
12:38 of 3rd period - Stopped by Kevin Poulin without a rebound.
12:39 of 3rd period - Kevin Hayes wins face-off versus Tanner Pearson in Bruins zone.
12:49 of 3rd period - Josh Manson is hit by Erik Johnson.
12:57 of 3rd period - Wrist shot by Kevin Hayes.
12:57 of 3rd period - Shot Misses the Net.
12:59 of 3rd period - Wrist shot by Craig Smith.
12:59 of 3rd period - Shot Hit the Post.
13:01 of 3rd period - Snap shot by Madison Bowey.
13:01 of 3rd period - Shot Blocked by Sami Vatanen.
13:21 of 3rd period - Snap shot by Craig Smith.
13:21 of 3rd period - Shot Blocked by Sami Vatanen.
13:23 of 3rd period - Snap shot by Josh Manson.
13:23 of 3rd period - Stopped by Henrik Lundqvist without a rebound.
13:24 of 3rd period - Eric Staal wins face-off versus Jonathan Toews in Flames zone.
13:24 of 3rd period - Eric Staal is hit by Gabriel Landeskog.
13:27 of 3rd period - Minor Penalty to Eric Staal for Tripping.
13:28 of 3rd period - Jonathan Toews wins face-off versus Patrik Berglund in Flames zone.
13:34 of 3rd period - Wrist shot by Jonathan Toews.
13:34 of 3rd period - Shot Misses the Net.
13:36 of 3rd period - Snap shot by Gabriel Landeskog.
13:36 of 3rd period - Stopped by Henrik Lundqvist without a rebound.
13:37 of 3rd period - Patrik Berglund wins face-off versus Jonathan Toews in Flames zone.
14:14 of 3rd period - Brad Marchand is hit by Kevin Hayes and loses puck.
14:56 of 3rd period - Erik Johnson is hit by Josh Manson and loses puck.
15:27 of 3rd period - Penalty to Eric Staal is over, Eric Staal is back on ice.
15:53 of 3rd period - Torey Krug is hit by Sami Vatanen and loses puck.
16:04 of 3rd period - Snap shot by Patrik Berglund.
16:04 of 3rd period - Shot Blocked by Torey Krug.
16:06 of 3rd period - Slapshot by Brad Marchand.
16:06 of 3rd period - Shot Misses the Net.
16:36 of 3rd period - Wrist shot by Brad Marchand.
16:36 of 3rd period - Stopped by Kevin Poulin without a rebound.
16:37 of 3rd period - Jonathan Toews wins face-off versus Kevin Labanc in Bruins zone.
16:37 of 3rd period - Jonathan Toews is hit by Christian Folin.
16:49 of 3rd period - Slapshot by Zack Kassian.
16:49 of 3rd period - Shot Blocked by Esa Lindell.
17:43 of 3rd period - Off-side.
17:44 of 3rd period - Jimmy Hayes wins face-off versus Casey Cizikas in neutral zone.
18:34 of 3rd period - Wrist shot by David Ullstrom.
18:34 of 3rd period - Shot Misses the Net.
18:36 of 3rd period - Slapshot by Anders Lee.
18:36 of 3rd period - Stopped by Kevin Poulin without a rebound.
18:37 of 3rd period - Kevin Hayes wins face-off versus Eric Staal in Bruins zone.
19:04 of 3rd period - Jimmy Hayes is hit by Jonathan Toews and loses puck.
19:43 of 3rd period - Snap shot by Craig Smith.
19:43 of 3rd period - Shot Misses the Net.
19:49 of 3rd period - Wrist shot by Kevin Hayes.
19:49 of 3rd period - Stopped by Henrik Lundqvist without a rebound.
19:50 of 3rd period - Eric Staal wins face-off versus Jonathan Toews in Flames zone.
19:50 of 3rd period - Eric Staal is hit by Zack Kassian.
Goals for this period are 0 for Flames vs 3 for Bruins.
Shots for this period are 7 for Flames vs 10 for Bruins.